 Dungeon Crawl Stone Soup version 0.21-a0-450-gd87a9b2 (webtiles) character file.

49 slep the Skirmisher (level 3, -5/29 HPs)
             Began as a Demonspawn Monk on Nov 18, 2017.
             Slain by a worm (9 damage)
             ... on level 2 of the Dungeon.
             The game lasted 00:03:30 (1335 turns).

slep the Skirmisher (Demonspawn Monk)               Turns: 1335, Time: 00:03:30

Health: -5/29      AC:  4    Str: 14    XL:     3   Next: 51%
Magic:  3/3        EV: 13    Int: 11    God:
Gold:   87         SH:  0    Dex: 16    Spells: 2/2 levels left

rFire    . . .     SeeInvis .   a - +0 falchion
rCold    . . .     Gourm    .   (no shield)
rNeg     . . .     Faith    .   b - +0 robe
rPois    .         Spirit   .   (helmet restricted)
rElec    .         Reflect  .   (no cloak)
rCorr    .         Harm     .   d - +0 pair of gloves {Str+3}
MR       .....                  h - +0 pair of boots (curse)
Stlth    ++........             (no amulet)
HPRegen  0.09/turn              (no ring)
MPRegen  0.08/turn              (no ring)

@: no status effects
A: horns 1, rot immunity
a: no special abilities


You were on level 2 of the Dungeon.
You were hungry.

You visited 1 branch of the dungeon, and saw 2 of its levels.

You collected 87 gold pieces.

Inventory:

Hand Weapons
 a - a +0 falchion (weapon)
Armour
 b - a +0 robe (worn)
 d - a +0 pair of gloves of strength (worn)
 h - a cursed +0 pair of boots (worn)
 l - a +1 large shield of protection
Scrolls
 e - 2 scrolls of identify {unknown}
 f - a scroll of enchant weapon {unknown}
 g - a scroll of immolation {unknown}
 j - a scroll of amnesia {unknown}
Potions
 i - a potion of brilliance {unknown}
Comestibles
 c - 2 bread rations
 k - a chunk of flesh


   Skills:
 + Level 3.5 Fighting
 + Level 3.2 Long Blades
 + Level 3.1 Dodging
 + Level 2.1 Stealth


You had 2 spell levels left.
You didn't know any spells.

Dungeon Overview and Level Annotations

Branches:
Dungeon (2/15)

Altars:
Dithmenos


Innate Abilities, Weirdness & Mutations

You have a pair of small horns on your head.
You are immune to rotting.


Message History

A worm comes into view.
You see here a runed large shield.
l - a runed large shield The worm bites you.
Found a bread ration.
You barely miss the worm. You hit the worm.
The worm is lightly wounded.
The worm bites you!
You hit the worm.
The worm is moderately wounded.
The worm bites you!
* * * LOW HITPOINT WARNING * * *
You hit the worm.
The worm is heavily wounded.
You hit the worm.
The worm is heavily wounded.
You are feeling hungry.
The worm bites you!
You die...

######.#####.........#
..............#######.#
#####.#####.#.#.. #.
#.#.#.# # #.#.#.#
#.#.#.# #.#.#.#
#.#.#.#.# #.#.@w..#
#.###.### ... ... ###
%#.# .#.# .# # .# .#


You could see a worm.

Vanquished Creatures
  3 worms (D:2)
  3 dart slugs
  A leopard gecko (D:2)
  5 goblins
  4 hobgoblins
  3 jackals (D:1)
  A ball python (D:2)
  5 bats
  2 frilled lizards (D:2)
  3 kobolds
  3 rats (D:1)
33 creatures vanquished.

Notes
Turn   | Place    | Note
-------+----------+-------------------------------------------
     0 | D:1      | slep the Demonspawn Monk began the quest for the Orb.
     0 | D:1      | Reached XP level 1. HP: 18/18 MP: 1/1
   294 | D:1      | Gained mutation: You have a pair of small horns on your head. [demonic ancestry]
   294 | D:1      | Reached XP level 2. HP: 24/24 MP: 2/2
   887 | D:2      | Gained mutation: You are immune to rotting. [demonic ancestry]
   887 | D:2      | Reached XP level 3. HP: 29/29 MP: 3/3
  1176 | D:2      | Found a shadowy altar of Dithmenos.
  1335 | D:2      | Slain by a worm

Vault maps used:
D:1:      dpeg_arrival_oval
D:2:      lemuel_round_altar, gammafunk_temple_overflow_statue, first_bread

Skill      XL: |  1  2 |
---------------+-------+-----
Long Blades    | 3 |  3.2
Dodging        | 3 |  3.1
Stealth        | 2 |  2.1
Fighting       | |  3.5

Action                   || total
-------------------------++-------
Melee: Falchion          ||    98
       Headbutt          ||    18
 Stab: Sleeping          ||     4
  Eat: Chunk             ||     1
Armor: Robe              ||    18
Dodge: Dodged            ||    60
       Rpst.: Falchion   ||    19

Table legend:
 A = Spawn XP
 B = Non-spawn XP
 C = Spawn XP percentage of total XP
 D = Spawn monster count
 E = Non-spawn monster count
 F = Spawn count percentage of total count
 G = Total turns spent on level
                    A         B        C        D         E        F      G
               +---------+---------+-------+---------+---------+-------+---------
         Total |       0 |      70 |   0.0 |       0 |      33 |   0.0 |  1335
               +---------+---------+-------+---------+---------+-------+---------
           D:1 |       0 |      24 |   0.0 |       0 |      14 |   0.0 |   638
           D:2 |       0 |      46 |   0.0 |       0 |      19 |   0.0 |   697
               +---------+---------+-------+---------+---------+-------+---------
